 Seeded DCSS version 0.28-a0-1235-g7c8fac35f0 (webtiles) character file.

Game seed: 20211225 (custom seed)

32 a11behringer the Cudgeller (level 3, 0/23 HPs)
             Began as a Gargoyle Berserker on Dec 25, 2021.
             Was a Follower of Trog.
             Slain by an adder (1 damage)
             ... on level 2 of the Dungeon.
             The game lasted 00:03:46 (881 turns).

a11behringer the Cudgeller (Gargoyle Berserker)      Turns: 881, Time: 00:03:46

Health: 0/23       AC:  8    Str: 22    XL:     3   Next: 25%
Magic:  3/3        EV: 11    Int:  7    God:    Trog [*.....]
Gold:   43         SH:  0    Dex:  9    Spells: 2/2 levels left

rFire   + . .      SeeInvis .   a - +0 mace
rCold   . . .      Faith    .   (no shield)
rNeg    + . .      Spirit   .   c - +2 leather armour {rF+}
rPois   ∞          Reflect  .   (no helmet)
rElec   +          Harm     .   (no cloak)
rCorr   .          Rampage  .   (no gloves)
Will    .....                   (no boots)
Stlth   +.........              (no amulet)
HPRegen 0.07/turn               (no ring)
MPRegen 0.08/turn               (no ring)

@: on berserk cooldown, slowed, very slow
A: sickness immunity, AC +3, negative energy resistance 1, electricity
resistance, torment resistance 1, petrification resistance
a: Renounce Religion, Berserk


You were on level 2 of the Dungeon.
You worshipped Trog.
Trog was aware of your devotion.
You visited 1 branch of the dungeon, and saw 2 of its levels.

You collected 43 gold pieces.

Inventory:

Hand Weapons
 a - a +0 mace (weapon)
Armour
 c - a +2 leather armour of fire resistance (worn)
Scrolls
 b - a scroll of enchant weapon {unknown}
 e - 2 scrolls of identify
Potions
 d - a potion of brilliance


   Skills:
 + Level 3.6 Fighting
 * Level 3.6 Maces & Flails
 + Level 2.3 Armour
 + Level 2.0 Dodging


You had 2 spell levels left.
You didn't know any spells.
Your spell library was empty.

Dungeon Overview and Level Annotations

Branches:
Dungeon (2/15)

Altars:
Uskayaw


Innate Abilities, Weirdness & Mutations

You are immune to sickness and miasma.
Your stone body is resilient. (AC +3)
You are immune to poison.
You resist negative energy. (rN+)
You are resistant to electric shocks. (rElec)
You are resistant to unholy torment.
You are immune to petrification.


Message History

Items here: ! ) / [[.
You feel a strong urge to attack something.
You are no longer berserk.
You are exhausted.
You feel yourself slow down. The goblin hits you with a +0 dagger.
* * * LOW HITPOINT WARNING * * *
The bat misses you. The bat hits you but does no damage.
The goblin hits you with a +0 dagger.
* * * LOW HITPOINT WARNING * * *
The adder misses you.
The hobgoblin no longer looks unusually strong.
The bat closely misses you. The bat barely misses you.
You closely miss the bat.
The goblin no longer looks unusually strong.
The bat barely misses you. The bat hits you but does no damage. x2
You closely miss the bat.
The goblin no longer looks unusually strong.
The bat hits you.
* * * LOW HITPOINT WARNING * * *
The bat hits you but does no damage. The bat barely misses you.
The bat hits you.
* * * LOW HITPOINT WARNING * * *
Okay, then.
Found a hide-covered altar of Uskayaw.
The bat hits you but does no damage.
Unknown command.
You closely miss the bat.
The hobgoblin no longer looks unusually strong.
The bat hits you but does no damage. x3; The bat barely misses you.
You hit the bat.
You kill the bat!
Trog accepts your kill. The adder barely misses you.
You closely miss the adder. The adder barely misses you. The adder misses you.
The adder bites you but does no damage. The goblin hits you with a +0 dagger.
* * * LOW HITPOINT WARNING * * *
You sock the adder!
The adder is severely wounded.
The adder barely misses you. The goblin closely misses you.
The adder bites you.
You die...

#.... .. #.
..#######.# #.
#.........#
#####.##.........#
................###
..g...........<..
#g###........#
#.@Sgg)).....#
#.###g.......# #.
###..###.#
..#####..###.#
..............#
..........<#####
.._...#####.#
#..... #.. ....


You could see an adder, a hobgoblin and 4 goblins.

Vanquished Creatures
  Robin (D:2)
  2 endoplasms (D:1)
  A goblin (D:2)
  4 hobgoblins
  2 jackals (D:1)
  2 ball pythons (D:1)
  4 bats
  A frilled lizard (D:1)
  2 kobolds (D:1)
  A rat (D:1)
20 creatures vanquished.

Notes
Turn   | Place    | Note
-------+----------+-------------------------------------------
     0 | D:1      | a11behringer the Gargoyle Berserker began the quest for the
                  | Orb.
     0 | D:1      | Reached XP level 1. HP: 14/14 MP: 1/1
   297 | D:1      | Reached XP level 2. HP: 19/19 MP: 2/2
   858 | D:2      | Noticed Robin
   868 | D:2      | Killed Robin
   869 | D:2      | Reached XP level 3. HP: 23/23 MP: 3/3
   876 | D:2      | HP: 1/23 [bat (1)]
   877 | D:2      | Found a hide-covered altar of Uskayaw.
   881 | D:2      | Slain by an adder

Illustrated notes

Levels and vault maps discovered:
D:1:      minmay_arrival_widening_spiral_wide, layout_basic
D:2:      layout_loops_ring, serial_shops, shop_statue, basic_altar,
          chequers_ecumenical_altar_lobes, uniq_robin

Skill      XL: |  1  2 |
---------------+-------+-----
Dodging        | 2 |  2.0
Fighting       | |  3.6
Maces & Flails | |  3.6
Armour         | |  2.3

Action                   || total
-------------------------++-------
Melee: Mace              ||    46
Invok: Berserk           ||     1
  Use: Scroll            ||     1
Armor: Leather armour    ||    39
Dodge: Dodged            ||    63

Table legend: (Time is in decaauts)
 A = Elapsed time spent in this place.
 B = Non-inter-level travel time spent in this place.
 C = Inter-level travel time spent in this place.
 D = Time resting spent in this place.
 E = Time spent auto-exploring this place.
 F = Levels seen in this place.
 G = Mean time per level.
                   A        B        C        D        E       F      G
               +--------+--------+--------+--------+--------+-----+--------+
         Total |    892 |    866 |     26 |      0 |    742 |   2 |  446.0 |
       Dungeon |    892 |    866 |     26 |      0 |    742 |   2 |  446.0 |
               +--------+--------+--------+--------+--------+-----+--------+

Top non-repeatable levels by time:
     D:1: 866 daAuts
     D:2: 25 daAuts
